 Dungeon Crawl Stone Soup version bcrawl-1.15.1 (webtiles) character file.

Game seed: 2455446869323775965

129 aidenn the Cudgeler (level 4, 0/41 HPs)
             Began as a Minotaur Fighter on Sept 27, 2019.
             Succumbed to an orc's poison
             ... on level 3 of the Dungeon.
             The game lasted 00:06:51 (1650 turns).

aidenn the Cudgeler (Minotaur Fighter)              Turns: 1650, Time: 00:06:52

Health: 0/41       AC:  0    Str: 21    XL:     4   Next: 88%
Magic:  3/3        EV: 17    Int:  5    God:
Gold:   130        SH:  0    Dex: 15    Spells: 3/3 levels left

rFire    . . .     SeeInvis .   (weapon currently unavailable)
rCold    . . .     Gourm    .   (shield currently unavailable)
rNeg     . . .     Faith    .   (armour currently unavailable)
rPois    .         Spirit   .   (helmet currently unavailable)
rElec    .         Reflect  .   (cloak currently unavailable)
rCorr    .         Harm     .   (gloves currently unavailable)
MR       .....                  (boots currently unavailable)
Stlth    +.........             (no amulet)
HPRegen  0.13/turn              (ring currently unavailable)
MPRegen  0.08/turn              (ring currently unavailable)

@: lethally poisoned (0 -> -5), bat-form, flying, very quick
A: tiny, (retaliatory headbutt)
a: no special abilities


You were on level 3 of the Dungeon.
You were hungry.
You were in bat-form.
You visited 1 branch of the dungeon, and saw 4 of its levels.

You collected 130 gold pieces.

Inventory:

Hand Weapons
 a - a +0 flail (melded)
 b - a +0 hunting sling
Missiles
 g - 139 sling bullets
 i - 1189 stones (quivered)
Armour
 c - a +0 shield (melded)
 o - a +0 scale mail (melded)
 q - a +0 pair of boots (melded)
Scrolls
 e - a scroll of immolation
 p - a scroll of amnesia
Potions
 d - a potion of might
 h - 2 potions of curing
 j - a potion of cancellation {unknown}
 k - a potion of haste {unknown}
 m - a potion of berserk rage {unknown}
 r - 3 potions of mutation {unknown}
Comestibles
 f - 5 rations {!d}
 n - 2 chunks of flesh


   Skills:
 + Level 4.8 Fighting
 * Level 5.3 Maces & Flails
 - Level 3.6 Armour
 - Level 3.6 Shields


You had 3 spell levels left.
You didn't know any spells.
Your spell library was empty.

Dungeon Overview and Level Annotations

Branches:
Dungeon (4/12)
 Temple: D:4-7

Altars:
Sif Muna

Annotations:
D:3 Grinder


Innate Abilities, Weirdness & Mutations

((You reflexively headbutt those who attack you in melee.))
((You have a pair of horns on your head.))


Message History

The orc is almost dead.
You feel sick. The orc hits you but does no damage. Grinder gestures at you.
You suddenly lose the ability to move!
You feel sick. The orc hits you with a +0 short sword.
* * * LOW HITPOINT WARNING * * *
Grinder zaps a wand.
You extend your transformation's duration.
The orc barely misses you.
You can move again.
You hit the orc but do no damage.
The orc is almost dead.
* * * LOW HITPOINT WARNING * * *
You feel sick. Grinder gestures at you.
You shrug off the repeated paralysis!
The orc hits you with a +0 short sword.
* * * LOW HITPOINT WARNING * * *
You hit the orc but do no damage.
The orc is severely wounded.
You die...

##### #....?...o...
....# ##.....# ....#
#....### ...^# #.w###
....# #..# ....####..#
....[֠)..###
....#.......######
......###.#.5>..b#
............####.o.....#
.....###....# ####.....
####.# #....# #...
###..# ##...# .. ....##
#...# ..### #.### <..#
#. #....#


You could see Grinder and an orc.

Vanquished Creatures
  An orc wizard (D:4)
  3 adders
  An ooze (D:1)
  2 worms
  6 leopard geckos
  2 giant cockroaches
  8 goblins
  8 hobgoblins
  4 jackals (D:1)
  7 kobolds
  6 bats
  6 frilled lizards
  8 rats
62 creatures vanquished.

Notes
Turn   | Place    | Note
-------+----------+-------------------------------------------
     0 | D:1      | aidenn the Minotaur Fighter began the quest for the Orb.
     0 | D:1      | Reached XP level 1. HP: 19/19 MP: 0/0
    37 | D:1      | Reached skill level 3 in Maces & Flails
    37 | D:1      | Reached XP level 2. HP: 26/27 MP: 1/1
   258 | D:1      | Reached XP level 3. HP: 33/33 MP: 2/2
   339 | D:1      | Reached skill level 4 in Maces & Flails
  1134 | D:2      | Reached XP level 4. HP: 41/41 MP: 3/3
  1309 | D:2      | Found a shimmering blue altar of Sif Muna.
  1454 | D:3      | Noticed Grinder
  1493 | D:4      | Reached skill level 5 in Maces & Flails
  1636 | D:3      | Paralysed by Grinder for 4 turns
  1646 | D:3      | Paralysed by Grinder for 2 turns
  1649 | D:3      | HP: 1/41 [orc/+0 short sword (5)]
  1650 | D:3      | Succumbed to an orc's poison

Skill      XL: |  1  2  3  4 |
---------------+-------------+-----
Maces & Flails | 3 4 5 |  5.3
Fighting       | 4 |  4.8
Armour         | |  3.6
Shields        | |  3.6

Action                   |  1- 3 |  4- 6 || total
-------------------------+-------+-------++-------
Melee: Flail             |   104 |    28 ||   132
       Headbutt          |    14 |     6 ||    20
       Unarmed           |       |     9 ||     9
 Fire: Hunting sling     |    14 |       ||    14
  Use: Scroll            |       |     5 ||     5
       Potion            |       |     1 ||     1
  Eat: Chunk             |     1 |     1 ||     2
Armor: Scale mail        |    36 |    20 ||    56
Dodge: Dodged            |    36 |    13 ||    49
Block: Shield            |    54 |    18 ||    72
